| TOP OF THE 1ST |
|
Augusta GreenJackets batting - Pitching for Fort Wayne TinCaps : RHP Derek Ziolkowski
|
|
Pitching: RHP Derek Ziolkowski
|
|
|
Batting: SHB Zack Barton
|
0-0: Swinging Strike 0-1: Foul Ball, location: 2F 0-2: Foul Ball, location: 2F 0-2: Ball 1-2: Foul Ball, location: 2F 1-2: Ball 2-2: DOUBLE (Line Drive, 89D, EV 100.0 MPH)
|
|
Batting: RHB Armando Ramirez
|
0-0: Ball 1-0: Ball 2-0: Ball 3-0: Called Strike 3-1: Foul Ball, location: 2F 3-2: Strikes out swinging
|
|
Batting: LHB Oscar Tamayo
|
0-0: Called Strike Zack Barton steals 3rd base (no throw) 0-1: Ball 1-1: Foul Ball, location: 2F 1-2: Ball 2-2: Ball 3-2: Ground out 4-3 (Groundball, 34, EV 87.5 MPH) Zack Barton scores
|
|
Batting: SHB Louie Horne
|
0-0: Ground out 4-3 (Groundball, 4, EV 91.2 MPH)
|
| Top of the 1st over - 1 run, 1 hit, 0 errors, 0 left on base; Augusta 1 - Fort Wayne 0 |
| BOTTOM OF THE 1ST |
|
Fort Wayne TinCaps batting - Pitching for Augusta GreenJackets : RHP Brian Whitley
|
|
Pitching: RHP Brian Whitley
|
|
|
Batting: RHB John Freeman
|
0-0: Foul Ball, location: 2F 0-1: Called Strike 0-2: Ball 1-2: Ground out 3-1 (Groundball, 34S, EV 84.4 MPH)
|
|
Batting: RHB Slamet Pamungkas
|
0-0: Ground out 1-3 (Groundball, 13S, EV 69.4 MPH)
|
|
Batting: RHB Jim Miske
|
0-0: Fly out, F9 (Flyball, 89M, EV 91.2 MPH)
|
| Bottom of the 1st over - 0 runs, 0 hits, 0 errors, 0 left on base; Augusta 1 - Fort Wayne 0 |
| TOP OF THE 2ND |
|
Augusta GreenJackets batting - Pitching for Fort Wayne TinCaps : RHP Derek Ziolkowski
|
|
Batting: LHB Bruce Arvizu
|
0-0: Ball 1-0: Ball 2-0: Called Strike 2-1: Ball 3-1: Base on Balls
|
|
Batting: RHB Antonio Lara
|
0-0: Called Strike 0-1: Ball 1-1: Foul Ball, location: 2F 1-2: Strikes out looking
|
|
Batting: RHB Jake Shelton
|
0-0: Ball Bruce Arvizu steals 2nd base 1-0: Fly out, F9 (Flyball, 9LD, EV 93.1 MPH) Runner from 2nd tags up, SAFE at 3rd, no throw by RF
|
|
Batting: RHB Gary Sampson
|
0-0: Ball 1-0: Ball 2-0: Called Strike 2-1: Ball 3-1: Foul Ball, location: 2F 3-2: Strikes out swinging
|
| Top of the 2nd over - 0 runs, 0 hits, 0 errors, 1 left on base; Augusta 1 - Fort Wayne 0 |
| BOTTOM OF THE 2ND |
|
Fort Wayne TinCaps batting - Pitching for Augusta GreenJackets : RHP Brian Whitley
|
|
Batting: RHB Steve Clark
|
0-0: Foul Ball, location: 2F 0-1: Foul Ball, location: 2F 0-2: Ball 1-2: Ball 2-2: Ball 3-2: SOLO HOME RUN (Flyball, 7LD, EV 91.2 MPH), Distance : 337 ft
|
|
Batting: RHB Dave Cordero
|
0-0: Ball 1-0: Ground out 4-3 (Groundball, 4, EV 88.8 MPH)
|
|
Batting: LHB Dean Luttman
|
0-0: Foul Ball, location: 2F 0-1: Swinging Strike 0-2: Ball 1-2: Foul Ball, location: 2F 1-2: SINGLE (Line Drive, 4MD, EV 98.8 MPH)
|
|
Batting: RHB Bill Vives
|
0-0: Ball 1-0: Ball 2-0: Swinging Strike 2-1: Swinging Strike 2-2: Foul Ball, location: 2F 2-2: Strikes out swinging
|
|
Batting: LHB Tony Contreras
|
0-0: Ball 1-0: Fly out, F9 (Flyball, 89S, EV 90.6 MPH)
|
| Bottom of the 2nd over - 1 run, 2 hits, 0 errors, 1 left on base; Augusta 1 - Fort Wayne 1 |
| TOP OF THE 3RD |
|
Augusta GreenJackets batting - Pitching for Fort Wayne TinCaps : RHP Derek Ziolkowski
|
|
Batting: RHB Ruben Irizarry
|
0-0: Ball 1-0: Ball 2-0: Ball 3-0: Called Strike 3-1: SINGLE (Groundball, 6D, EV 103.1 MPH)
|
|
Batting: SHB Zack Barton
|
0-0: Foul Ball, location: 2F 0-1: Ball 1-1: SINGLE (Groundball, 25, EV 70.6 MPH) (infield hit) Ruben Irizarry to second
|
|
Batting: RHB Armando Ramirez
|
0-0: Called Strike 0-1: Called Strike 0-2: Ball 1-2: Ball 2-2: Foul Ball, location: 2F 2-2: Foul Ball, location: 2F 2-2: Strikes out swinging
|
|
Batting: LHB Oscar Tamayo
|
0-0: Ball 1-0: Swinging Strike 1-1: Ball Balk! Ruben Irizarry to third Zack Barton to second 2-1: Ball 3-1: Base on Balls
|
|
Batting: SHB Louie Horne
|
0-0: Ball 1-0: Swinging Strike 1-1: Fly out, F9 (Flyball, 89M, EV 93.8 MPH) Runner from 3rd tags up, OUT at HOME! 9-2
|
| Top of the 3rd over - 0 runs, 2 hits, 0 errors, 2 left on base; Augusta 1 - Fort Wayne 1 |
| BOTTOM OF THE 3RD |
|
Fort Wayne TinCaps batting - Pitching for Augusta GreenJackets : RHP Brian Whitley
|
|
Batting: RHB Sung-hwan Jung
|
0-0: Ball 1-0: Swinging Strike 1-1: Swinging Strike 1-2: Ground out 5-3 (Groundball, 5, EV 80.6 MPH)
|
|
Batting: RHB John Freeman
|
0-0: Foul Ball, location: 2F 0-1: Ball 1-1: Foul Ball, location: 2F 1-2: Ball 2-2: Ball 3-2: Fly out, F4 (Popup, 4M, EV 72.5 MPH)
|
|
Batting: RHB Slamet Pamungkas
|
0-0: Ground out 6-3 (Groundball, 6, EV 86.2 MPH)
|
| Bottom of the 3rd over - 0 runs, 0 hits, 0 errors, 0 left on base; Augusta 1 - Fort Wayne 1 |
| TOP OF THE 4TH |
|
Augusta GreenJackets batting - Pitching for Fort Wayne TinCaps : RHP Derek Ziolkowski
|
|
Batting: LHB Bruce Arvizu
|
0-0: Ground out 6-3 (Groundball, 6, EV 87.5 MPH)
|
|
Batting: RHB Antonio Lara
|
0-0: Foul Ball, location: 2F 0-1: Ball 1-1: Ball 2-1: Foul Ball, location: 2F 2-2: Ball 3-2: Strikes out looking
|
|
Batting: RHB Jake Shelton
|
0-0: Called Strike 0-1: Ball 1-1: Ground out 6-3 (Groundball, 6, EV 100.6 MPH)
|
| Top of the 4th over - 0 runs, 0 hits, 0 errors, 0 left on base; Augusta 1 - Fort Wayne 1 |
| BOTTOM OF THE 4TH |
|
Fort Wayne TinCaps batting - Pitching for Augusta GreenJackets : RHP Brian Whitley
|
|
Batting: RHB Jim Miske
|
0-0: Called Strike 0-1: Ball 1-1: Ball 2-1: Ball 3-1: Foul Ball, location: 2F 3-2: DOUBLE (Line Drive, 78M, EV 92.5 MPH)
|
|
Batting: RHB Steve Clark
|
0-0: Ball 1-0: Swinging Strike 1-1: Ball 2-1: Swinging Strike 2-2: Foul Ball, location: 2F 2-2: Ground out U3 (Groundball, 3, EV 87.5 MPH) Jim Miske to third
|
|
Batting: RHB Dave Cordero
|
0-0: Foul Ball, location: 2F 0-1: Ball 1-1: Called Strike 1-2: Foul Ball, location: 2F 1-2: DOUBLE (Flyball, 8LXD, EV 98.1 MPH) Jim Miske scores
|
|
Batting: LHB Dean Luttman
|
0-0: Ball 1-0: SINGLE (Groundball, 34D, EV 105.6 MPH) Dave Cordero to third Runner from 3rd tries for Home, SAFE, throw by RF to home Dean Luttman to second
|
|
Batting: RHB Bill Vives
|
0-0: Ball 1-0: Ground out 4-3 (Groundball, 4MS, EV 81.9 MPH) Dean Luttman to third
|
|
Batting: LHB Tony Contreras
|
0-0: Fly out, F7 (Flyball, 7D, EV 91.9 MPH)
|
| Bottom of the 4th over - 2 runs, 3 hits, 0 errors, 1 left on base; Augusta 1 - Fort Wayne 3 |
| TOP OF THE 5TH |
|
Augusta GreenJackets batting - Pitching for Fort Wayne TinCaps : RHP Derek Ziolkowski
|
|
Batting: RHB Gary Sampson
|
0-0: Ball 1-0: Ground out U3 (Groundball, 34, EV 88.8 MPH)
|
|
Batting: RHB Ruben Irizarry
|
0-0: Called Strike 0-1: Ball 1-1: Ball 2-1: Ball 3-1: Called Strike 3-2: Foul Ball, location: 2F 3-2: Strikes out swinging
|
|
Batting: SHB Zack Barton
|
0-0: Swinging Strike 0-1: Foul Ball, location: 2F 0-2: Fly out, F8 (Line Drive, 8RM, EV 98.1 MPH)
|
| Top of the 5th over - 0 runs, 0 hits, 0 errors, 0 left on base; Augusta 1 - Fort Wayne 3 |
| BOTTOM OF THE 5TH |
|
Fort Wayne TinCaps batting - Pitching for Augusta GreenJackets : RHP Brian Whitley
|
|
Batting: RHB Sung-hwan Jung
|
0-0: Ball 1-0: Swinging Strike 1-1: Ball 2-1: Foul Ball, location: 2F 2-2: Strikes out swinging
|
|
Batting: RHB John Freeman
|
0-0: Fly out, F7 (Flyball, 7, EV 90.0 MPH)
|
|
Batting: RHB Slamet Pamungkas
|
0-0: SINGLE (Groundball, 4MD, EV 101.9 MPH)
|
|
Batting: RHB Jim Miske
|
0-0: Called Strike 0-1: Called Strike 0-2: Ball 1-2: Foul Ball, location: 2F 1-2: Ball Pickoff Throw by Catcher to First - Error! E2 Slamet Pamungkas to second 2-2: Foul Ball, location: 2F 2-2: Foul Ball, location: 2F 2-2: Ball 3-2: Foul Ball, location: 2F 3-2: Ground out 6-3 (Groundball, 6, EV 89.4 MPH)
|
| Bottom of the 5th over - 0 runs, 1 hit, 1 error, 1 left on base; Augusta 1 - Fort Wayne 3 |
| TOP OF THE 6TH |
|
Augusta GreenJackets batting - Pitching for Fort Wayne TinCaps : RHP Derek Ziolkowski
|
|
Batting: RHB Armando Ramirez
|
0-0: Ball 1-0: Ball 2-0: Ground out 6-3 (Groundball, 6M, EV 98.1 MPH)
|
|
Pitching: LHP Jose Torres
|
|
|
Batting: LHB Oscar Tamayo
|
0-0: Foul Ball, location: 2F 0-1: SINGLE (Flyball, 5D, EV 88.1 MPH)
|
|
Batting: SHB Louie Horne
|
0-0: Ball 1-0: Ball 2-0: Called Strike 2-1: Ball 3-1: Fly out, F9 (Flyball, 9LSF, EV 84.4 MPH)
|
|
Batting: LHB Bruce Arvizu
|
0-0: Ball 1-0: Called Strike 1-1: Ground out 4-3 (Groundball, 4D, EV 85.0 MPH)
|
| Top of the 6th over - 0 runs, 1 hit, 0 errors, 1 left on base; Augusta 1 - Fort Wayne 3 |
| BOTTOM OF THE 6TH |
|
Fort Wayne TinCaps batting - Pitching for Augusta GreenJackets : RHP Brian Whitley
|
|
Batting: RHB Steve Clark
|
0-0: Ground out U3 (Groundball, 3, EV 84.4 MPH)
|
|
Batting: RHB Dave Cordero
|
0-0: Ball 1-0: Called Strike 1-1: Ball 2-1: Foul Ball, location: 2F 2-2: SOLO HOME RUN (Flyball, 7D, EV 93.8 MPH), Distance : 373 ft
|
|
Batting: LHB Dean Luttman
|
0-0: Ball 1-0: Ball 2-0: Called Strike 2-1: Ball 3-1: Fly out, F8 (Flyball, 8RD, EV 93.8 MPH)
|
|
Batting: RHB Bill Vives
|
0-0: Ball 1-0: Ball 2-0: Called Strike 2-1: Ball 3-1: Foul Ball, location: 2F 3-2: Foul Ball, location: 2F 3-2: Ground out 6-3 (Groundball, 6, EV 98.1 MPH)
|
| Bottom of the 6th over - 1 run, 1 hit, 0 errors, 0 left on base; Augusta 1 - Fort Wayne 4 |
| TOP OF THE 7TH |
|
Augusta GreenJackets batting - Pitching for Fort Wayne TinCaps : LHP Jose Torres
|
|
Batting: RHB Antonio Lara
|
0-0: Ball 1-0: Ball 2-0: Called Strike 2-1: Foul Ball, location: 2F 2-2: Foul Ball, location: 2F 2-2: Ball 3-2: Foul Ball, location: 2F 3-2: Base on Balls
|
|
Batting: RHB Jake Shelton
|
0-0: Bunted foul 0-1: Bunt missed! 0-2: Hit by Pitch Antonio Lara to second
|
|
Batting: RHB Gary Sampson
|
0-0: Ball 1-0: DOUBLE (Line Drive, 9LS, EV 109.4 MPH) Antonio Lara scores Jake Shelton to third
|
|
Batting: RHB Ruben Irizarry
|
0-0: Ball 1-0: Fly out, F8 (Flyball, 8LS, EV 93.8 MPH)
|
|
Batting: SHB Zack Barton
|
0-0: Ball 1-0: Foul Ball, location: 2F 1-1: Foul Ball, location: 2F 1-2: Ball Wild Pitch! Jake Shelton scores Gary Sampson to third 2-2: Ball 3-2: Strikes out swinging
|
|
Batting: RHB Armando Ramirez
|
0-0: Ball 1-0: Fly out, F7 (Flyball, 78M, EV 88.8 MPH)
|
| Top of the 7th over - 2 runs, 1 hit, 0 errors, 1 left on base; Augusta 3 - Fort Wayne 4 |
| BOTTOM OF THE 7TH |
|
Fort Wayne TinCaps batting - Pitching for Augusta GreenJackets : RHP Brian Whitley
|
|
Pitching: LHP Jeff Briggs
|
|
|
Pinch Hitting: RHB Cesar Ortega
|
0-0: Foul Ball, location: 2F 0-1: Ball 1-1: Swinging Strike 1-2: Fly out, F8 (Flyball, 8LD, EV 91.2 MPH)
|
|
Pitching: RHP Hiroaki Yazawa
|
|
|
Batting: RHB Sung-hwan Jung
|
0-0: Ball 1-0: SOLO HOME RUN (Line Drive, 7D, EV 100.0 MPH), Distance : 392 ft
|
|
Batting: RHB John Freeman
|
0-0: Ball 1-0: Called Strike 1-1: Ball 2-1: Fly out, F7 (Flyball, 78M, EV 84.4 MPH)
|
|
Batting: RHB Slamet Pamungkas
|
0-0: Ball 1-0: Ball 2-0: SINGLE (Groundball, 4D, EV 100.0 MPH)
|
|
Batting: RHB Jim Miske
|
0-0: Ball Slamet Pamungkas steals 2nd base 1-0: Ball 2-0: 2-RUN HOME RUN (Flyball, 78XD, EV 114.4 MPH), Distance : 424 ft
|
|
Pitching: LHP Ricky Coats
|
|
|
Batting: RHB Steve Clark
|
0-0: Foul Ball, location: 2F 0-1: Ball 1-1: Ball 2-1: Ball 3-1: Base on Balls
|
|
Batting: RHB Dave Cordero
|
0-0: Called Strike 0-1: Foul Ball, location: 2F 0-2: Ball 1-2: Foul Ball, location: 2F 1-2: Ball 2-2: DOUBLE (Line Drive, 5D, EV 94.4 MPH) Steve Clark to third Runner from 3rd tries for Home, throw by LF and OUT! 7-6-2
|
| Bottom of the 7th over - 3 runs, 4 hits, 0 errors, 1 left on base; Augusta 3 - Fort Wayne 7 |
| TOP OF THE 8TH |
|
Augusta GreenJackets batting - Pitching for Fort Wayne TinCaps : LHP Jose Torres
|
|
Pitching: RHP Brice MacKenzie
|
|
|
Now in RF: Paul Wood
|
|
|
Batting: LHB Oscar Tamayo
|
0-0: Called Strike 0-1: Ball 1-1: Ball 2-1: Ball 3-1: Base on Balls
|
|
Batting: SHB Louie Horne
|
0-0: Foul Ball, location: 2F 0-1: Swinging Strike 0-2: Strikes out swinging
|
|
Batting: LHB Bruce Arvizu
|
0-0: Ball 1-0: Ball 2-0: Ball 3-0: Base on Balls Oscar Tamayo to second
|
|
Batting: RHB Antonio Lara
|
0-0: Called Strike 0-1: Ball 1-1: Ball 2-1: 3-RUN HOME RUN (Flyball, 7D, EV 96.2 MPH), Distance : 373 ft
|
|
Pitching: RHP Matt Peck
|
|
|
Pinch Hitting: LHB Chris Morgan
|
0-0: Ball 1-0: Ground out 4-3 (Groundball, 4, EV 86.9 MPH)
|
|
Batting: RHB Gary Sampson
|
0-0: Foul Ball, location: 2F 0-1: Called Strike 0-2: Ball 1-2: Ball 2-2: Ball 3-2: Foul Ball, location: 2F 3-2: SINGLE (Groundball, 56D, EV 101.2 MPH)
|
|
Pinch Hitting: LHB Jason Hopkins
|
0-0: Called Strike 0-1: Fly out, F9 (Flyball, 9LD, EV 98.8 MPH)
|
| Top of the 8th over - 3 runs, 2 hits, 0 errors, 1 left on base; Augusta 6 - Fort Wayne 7 |
| BOTTOM OF THE 8TH |
|
Fort Wayne TinCaps batting - Pitching for Augusta GreenJackets : LHP Ricky Coats
|
|
Now at C: Charles Blatchford
|
|
|
Now in LF: Jason Hopkins
|
|
|
Now in RF: Bruce Arvizu
|
|
|
Pinch Hitting: RHB Gary Horgan
|
0-0: SOLO HOME RUN (Flyball, 78XD, EV 98.8 MPH), Distance : 394 ft
|
|
Batting: RHB Bill Vives
|
0-0: Swinging Strike 0-1: Ball 1-1: Foul Ball, location: 2F 1-2: Ball 2-2: Ball 3-2: Ground out 4-3 (Groundball, 4S, EV 60.6 MPH)
|
|
Batting: RHB Paul Wood
|
0-0: Called Strike 0-1: Called Strike 0-2: Ball 1-2: Ball 2-2: Ball 3-2: Foul Ball, location: 2F 3-2: Base on Balls
|
|
Batting: RHB Sung-hwan Jung
|
0-0: SINGLE (Groundball, 56D, EV 106.9 MPH) Paul Wood to second
|
|
Batting: RHB John Freeman
|
0-0: Called Strike 0-1: Foul Ball, location: 2F 0-2: Ball 1-2: Foul Ball, location: 2F 1-2: Foul Ball, location: 2F 1-2: Ball 2-2: DOUBLE (Line Drive, 9D, EV 108.1 MPH) Paul Wood scores Sung-hwan Jung to third
|
|
Batting: RHB Slamet Pamungkas
|
0-0: Fly out, F8 (Flyball, 8LD, EV 105.0 MPH) Runner from 3rd tags up, OUT at HOME! 8-2
|
| Bottom of the 8th over - 2 runs, 3 hits, 0 errors, 1 left on base; Augusta 6 - Fort Wayne 9 |
| TOP OF THE 9TH |
|
Augusta GreenJackets batting - Pitching for Fort Wayne TinCaps : RHP Matt Peck
|
|
Pitching: LHP Manny Santiago
|
|
|
Now at 1B: Gary Horgan
|
|
|
Batting: SHB Zack Barton
|
0-0: Ball 1-0: Called Strike 1-1: Ground out 5-3 (Groundball, 56, EV 79.4 MPH)
|
|
Batting: RHB Armando Ramirez
|
0-0: Ball 1-0: Ball 2-0: Ball 3-0: Base on Balls
|
|
Batting: LHB Oscar Tamayo
|
0-0: Called Strike 0-1: Called Strike 0-2: Ball 1-2: Strikes out swinging
|
|
Batting: SHB Louie Horne
|
0-0: Called Strike 0-1: Called Strike 0-2: Ground out 2-3 (Groundball, 15S, EV 60.6 MPH)
|
| Top of the 9th over - 0 runs, 0 hits, 0 errors, 1 left on base; Augusta 6 - Fort Wayne 9 |
|